 Dungeon Crawl Stone Soup version 0.30.1 (webtiles) character file.

Game seed: 12400832544008533473

564183 GimliDwarf the End of an Era (level 26, -2/205 (211) HPs)
             Began as a Gnoll Wanderer on July 11, 2023.
             Was the Champion of Qazlal.
             Killed by divine providence
             ... invoked by a mummy priest
              (11 damage)
             ... on level 2 of the Tomb of the Ancients on July 12, 2023.
             The game lasted 05:52:24 (73186 turns).

GimliDwarf the End of an Era (Gnoll Wanderer)      Turns: 73186, Time: 05:52:25

HP:   -2/205 (211)  AC: 37    Str: 12    XL:     26   Next: 74%
MP:   55/55         EV: 26    Int: 34    God:    Qazlal [******]
Gold: 5444          SH: 21    Dex: 23    Spells: 0/62 levels left

rFire   + + .        D - +10 morningstar "Eos" {elec, Halo rElec}
rCold   + . .        E - +3 buckler of the Stonemason {*Corrode Will+ Int+5 Dex+2}
rNeg    + . .        f - +7 faerie dragon scales {rF+ rCorr Slay+2}
rPois   .            y - +3 hat of Pondering {ponderous, Will+ MP+10 Int+5}
rElec   +            n - +0 cloak of Oxaevu {rElec rF+ rN+ Dex+2}
rCorr   +            q - +1 pair of gloves "Titza" {rC+ Dex+3}
SInv    .            H - +2 pair of boots {Fly}
Will    +++..        M - amulet "Oqug" {Regen+ Int+3}
Stlth   +            o - ring of wizardry
HPRegen 1.34/turn    e - ring of the Cicada {Drain +Blink AC+4 Int+2}
MPRegen 0.34/turn

%: corrode self (3%), repel missiles, wizardry (x1)
@: silenced, protected from physical damage, flying, slowed, glowing, studying
Staves, lightly drained, very slow
A: fangs 1, strong nose, distributed training, mutation resistance 1, passive
freeze, shaggy fur 1
}: 3/15 runes: serpentine, barnacled, silver
a: Renounce Religion, Evoke Blink


You were on level 2 of the Tomb of the Ancients.
You worshipped Qazlal.
Qazlal was exalted by your worship.
You visited 11 branches of the dungeon, and saw 48 of its levels.
You also visited: Trove, Bailey, Ice Cave and Wizlab.

You collected 8055 gold pieces.
You spent 2611 gold pieces at shops.

Inventory:

Hand Weapons
 p - the +11 plutonium sword {Contam Stlth-}
   (You took it off an orc warrior on level 5 of the Vaults)

   Contam:    It causes magical contamination when unequipped.
   Stlth:     It makes you less stealthy.
 D - the +10 morningstar "Eos" (weapon) {elec, Halo rElec}
   (You found it on level 5 of the Vaults)

   Halo:      It grants its wielder a halo, revealing invisible creatures and
   increasing accuracy against all within it other than the wielder.
   rElec:     It insulates you from electricity.
 J - the +5 war axe "Cobauv" {protect, Int+5 SInv}
   (You found it on level 1 of the Elven Halls)

   Int:       It affects your intelligence (+5).
   SInv:      It lets you see invisible.
Armour
 f - the +7 faerie dragon scales (worn) {rF+ rCorr Slay+2}
   (You took it off the Enchantress on level 4 of the Depths)

   Slay:      It affects your accuracy & damage with ranged weapons and melee
   (+2).
   rF:        It protects you from fire.
   rCorr:     It protects you from acid and corrosion.
 i - the -2 hat of the Alchemist {rElec rPois rF+ rC+ rN+ Will+ rMut rCorr}
   (You found it in a wizard's laboratory)

   rF:        It protects you from fire.
   rC:        It protects you from cold.
   rElec:     It insulates you from electricity.
   rPois:     It protects you from poison.
   rN:        It protects you from negative energy.
   rCorr:     It protects you from acid and corrosion.
   rMut:      It protects you from mutation.
   Will:      It increases your willpower.
 n - the +0 cloak of Oxaevu (worn) {rElec rF+ rN+ Dex+2}
   (You found it in a treasure trove)

   Dex:       It affects your dexterity (+2).
   rF:        It protects you from fire.
   rElec:     It insulates you from electricity.
   rN:        It protects you from negative energy.
 q - the +1 pair of gloves "Titza" (worn) {rC+ Dex+3}
   (You found it in a treasure trove)

   Dex:       It affects your dexterity (+3).
   rC:        It protects you from cold.
 y - the +3 hat of Pondering (worn) {ponderous, Will+ MP+10 Int+5}
   (You bought it in a shop on level 8 of the Dungeon)

   Int:       It affects your intelligence (+5).
   MP:        It affects your magic capacity (+10).
   Will:      It increases your willpower.
 E - the +3 buckler of the Stonemason (worn) {*Corrode Will+ Int+5 Dex+2}
   (You found it in a treasure trove)

   Int:       It affects your intelligence (+5).
   Dex:       It affects your dexterity (+2).
   *Corrode:  It may corrode you when you take damage.
   Will:      It increases your willpower.
 H - a +2 pair of boots of flying (worn)
Jewellery
 e - the ring of the Cicada (right hand) {Drain +Blink AC+4 Int+2}
   (You acquired it on level 3 of the Dungeon)

   [ring of protection]

   AC:        It affects your AC (+4).
   Int:       It affects your intelligence (+2).
   +Blink:    It lets you blink.
   Drain:     It drains your maximum health when unequipped.
 o - a ring of wizardry (left hand)
 A - a ring of wizardry
 M - the amulet "Oqug" (around neck) {Regen+ Int+3}
   (You took it off a deep elf pyromancer on level 3 of the Elven Halls)

   [amulet of regeneration]

   Int:       It affects your intelligence (+3).
   Regen:     It increases your rate of health regeneration.
Wands
 j - a wand of mindburst (15)
 k - a wand of iceblast (51)
 l - a wand of quicksilver (9)
 L - a wand of flame (29)
 U - a wand of paralysis (33)
Scrolls
 a - 10 scrolls of teleportation
 g - 10 scrolls of fog
 h - 6 scrolls of fear
 m - 2 scrolls of magic mapping
 v - 5 scrolls of amnesia
 z - 4 scrolls of blinking
 O - a scroll of silence
 R - 11 scrolls of poison
Potions
 c - 3 potions of berserk rage
 r - 9 potions of might
 s - 9 potions of curing
 t - 3 potions of magic
 u - 5 potions of heal wounds
 w - 8 potions of lignification
 x - 2 potions of invisibility
 B - 6 potions of brilliance
 K - 4 potions of cancellation
 N - 5 potions of haste
 Y - 2 potions of resistance
Miscellaneous
 b - a lightning rod (4/4)
 d - a phial of floods (inert)
 G - a tin of tremorstones (1/2)


   Skills:
 + Level 18.2 Fighting
 + Level 18.2 Short Blades
 + Level 18.2 Long Blades
 + Level 18.2 Axes
 + Level 18.2 Maces & Flails
 + Level 18.2 Polearms
 + Level 18.2 Staves
 + Level 18.2 Ranged Weapons
 + Level 18.4 Throwing
 + Level 18.2 Armour
 + Level 18.4 Dodging
 + Level 18.4 Stealth
 + Level 18.2 Shields
 + Level 18.2 Unarmed Combat
 + Level 18.8 Spellcasting
 + Level 15.5 Conjurations
 + Level 15.5 Hexes
 + Level 15.5 Summonings
 + Level 15.9 Necromancy
 + Level 15.5 Translocations
 + Level 15.5 Transmutations
 + Level 15.5 Fire Magic
 + Level 15.5 Ice Magic
 + Level 16.3 Air Magic
 + Level 15.5 Earth Magic
 + Level 15.5 Poison Magic
 + Level 19.7 Invocations
 + Level 18.2 Evocations


You couldn't memorise any spells.
You knew the following spells:

 Your Spells              Type           Power      Damage    Failure   Level
a - Iskenderun's Mystic   Conj/Tloc      95%        2d18      1%          4
b - Orb of Destruction    Conj           47%        9d12      1%          7
c - Yara's Violent Unrav  Hex/Tmut       47%        3d18      1%          5
d - Discord               Hex            47%        N/A       7%          8
e - Freezing Cloud        Conj/Ice/Air   48%        6-21      1%          5
f - Lee's Rapid Deconstr  Erth           47%        3d23*     1%          5
g - Fireball              Conj/Fire      47%        3d19      1%          5
h - Irradiate             Conj/Tmut      47%        3d27      1%          5
i - Silence               Hex/Air        48%        N/A       1%          5
j - Plasma Beam           Fire/Air       48%        2x1d68    1%          6
k - Spellforged Servitor  Conj/Summ      47%        N/A       1%          7

Your spell library contained the following spells:

 Spells                   Type           Power      Damage    Failure   Level
 Apportation              Tloc           100%       N/A       0%          1
 Beastly Appendage        Tmut           100%       N/A       0%          1
 Foxfire                  Conj/Fire      100%       2x1d9     0%          1
 Kiss of Death            Conj/Necr      100%       2d13      0%          1
 Magic Dart               Conj           100%       1d8       0%          1
 Shock                    Conj/Air       100%       1d9       0%          1
 Sting                    Tmut/Pois      100%       1d8       0%          1
 Summon Small Mammal      Summ           100%       N/A       0%          1
 Blink                    Tloc           100%       N/A       0%          2
 Cigotuvi's Dreadful Rot  Necr/Pois/Air  100%       N/A       0%          2
 Ensorcelled Hibernation  Hex/Ice        100%       N/A       0%          2
 Lesser Beckoning         Tloc           100%       N/A       0%          2
 Momentum Strike          Conj/Tloc      100%       3d10      0%          2
 Passwall                 Tmut/Erth      79%        N/A       0%          2
 Poisonous Vapours        Pois/Air       100%       N/A       0%          2
 Searing Ray              Conj           100%       2d8       0%          2
 Static Discharge         Conj/Air       100%       2-7/arc   0%          2
 Sublimation of Blood     Necr           96%        N/A       0%          2
 Wereblood                Tmut           95%        N/A       0%          2
 Call Canine Familiar     Summ           95%        N/A       0%          3
 Dazzling Flash           Conj/Hex       100%       N/A       0%          3
 Gell's Gravitas          Tloc           95%        N/A       0%          3
 Ignite Poison            Fire/Tmut/Pois 95%        N/A       0%          3
 Mephitic Cloud           Conj/Pois/Air  96%        N/A       0%          3
 Ozocubu's Armour         Ice            95%        N/A       0%          3
 Portal Projectile        Hex/Tloc       100%       N/A       0%          3
 Spider Form              Tmut/Pois      95%        N/A       0%          3
 Summon Guardian Golem    Hex/Summ       95%        N/A       0%          3
 Swiftness                Air            97%        N/A       0%          3
 Teleport Other           Tloc           95%        N/A       0%          3
 Tukima's Dance           Hex            95%        N/A       0%          3
 Volatile Blastmotes      Fire/Tloc      100%       2d18      0%          3
 Airstrike                Air            48%        2d(7-23)  0%          4
 Animate Dead             Necr           96%        N/A       0%          4
 Dispel Undead            Necr           96%        3d30      0%          4
 Summon Lightning Spire   Summ/Air       96%        N/A       0%          4
 Anguish                  Hex/Necr       48%        N/A       1%          4
 Cause Fear               Hex            47%        N/A       1%          4
 Fulminant Prism          Conj/Hex       47%        3d21      1%          4
 Ice Form                 Ice/Tmut       95%        N/A       1%          4
 Manifold Assault         Tloc           95%        N/A       1%          4
 Olgreb's Toxic Radiance  Pois           95%        N/A       1%          4
 Passage of Golubria      Tloc           95%        N/A       1%          4
 Summon Ice Beast         Ice/Summ       95%        N/A       1%          4
 Alistair's Intoxication  Tmut/Pois      63%        N/A       1%          5
 Blade Hands              Tmut           47%        N/A       1%          5
 Metabolic Englaciation   Hex/Ice        47%        N/A       1%          5
 Summon Mana Viper        Hex/Summ       95%        N/A       1%          5
 Conjure Ball Lightning   Conj/Air       48%        3x3d17    1%          6
 Death Channel            Necr           48%        N/A       1%          6
 Dispersal                Tloc           47%        N/A       1%          6
 Eringya's Noxious Bog    Tmut/Pois      47%        N/A       1%          6
 Starburst                Conj/Fire      47%        6d13      1%          6
 Dragon Form              Tmut           47%        N/A       1%          7
 Haunt                    Necr/Summ      48%        N/A       1%          7
 Malign Gateway           Summ/Tloc      47%        N/A       1%          7
 Monstrous Menagerie      Summ           47%        N/A       1%          7
 Ozocubu's Refrigeration  Ice            47%        4d18      1%          7
 Borgnjor's Revivificati  Necr           48%        N/A       6%          8
 Infestation              Necr           48%        N/A       6%          8
 Necromutation            Tmut/Necr      48%        N/A       6%          8
 Disjunction              Tloc           47%        N/A       7%          8
 Lehudib's Crystal Spear  Conj/Erth      47%        10d11     7%          8
 Summon Horrible Things   Summ           47%        N/A       7%          8
 Death's Door             Necr           48%        N/A       63%         9
 Dragon's Call            Summ           47%        N/A       69%         9


Dungeon Overview and Level Annotations

Branches:
Dungeon (15/15)            Temple (1/1) D:6            Lair (5/5) D:11
 Shoals (4/4) Lair:3        Snake (4/4) Lair:2        Slime (0/5) Lair:5
    Orc (2/2) D:9             Elf (3/3) Orc:2        Vaults (5/5) D:13
  Crypt (3/3) Vaults:3       Tomb (2/3) Crypt:3      Depths (4/4) D:15
    Zot (0/5) Depths:4     Bailey (visited)           IceCv (visited)
 WizLab (visited)

Altars:
Ashenzari
Cheibriados
Dithmenos
Elyvilon
Fedhas
Gozag
Hepliaklqana
Kikubaaqudgha
Makhleb
Nemelex Xobeh
Okawaru
Qazlal
Ru
Sif Muna
Trog
Uskayaw
Vehumet
Wu Jian
Xom
Yredelemnul
Zin
The Shining One

Shops:
D:1 :*(!=   D:5 (   D:8 [   D:12 (   Orc:2 !:*?   Elf:1 (*   Shoals:2 !
Shoals:3 ?   Snake:3 ?   Vaults:2 [   Vaults:3 (   Vaults:4 *

Portals:
Hell: Depths:1 Depths:2 Depths:3 Depths:4
Abyss: D:10 Depths:2 Depths:3
Pandemonium: Depths:2 Depths:4
Ziggurat: Depths:3

Annotations:
Shoals:2 3 runed translucent doors
Depths:1 1 runed translucent door


Innate Abilities, Weirdness & Mutations

You have very sharp teeth.
Your uncanny sense of smell can sniff out nearby items.
Your experience applies equally to all skills.
You are somewhat resistant to further mutation.
A frigid envelope surrounds you and freezes all who hurt you.
You are covered in fur. (AC +1)


Message History

You feel extremely nervous for a moment...
You are engulfed in negative energy!
You partially resist.
You feel drained.
The royal mummy calls on the powers of darkness!
The emperor scorpion convulses! x3; Your body is wracked with pain!
* * * LOW HITPOINT WARNING * * *
The emperor scorpion convulses! x4; The death scarab barely misses you.
You puncture the royal mummy!
The royal mummy is moderately damaged.
You block the death scarab's attack. The death scarab bites you!
* * * LOW HITPOINT WARNING * * *
The death scarab drains your vigour!
You feel yourself slow down.
The death scarab draws strength from your injuries!
The death scarab is very cold.
The death scarab is moderately damaged.
The emperor scorpion is engulfed in freezing vapours.
The royal mummy gestures wildly while chanting.
You blink.
The emperor scorpion disappears in a puff of smoke!
The emperor scorpion fails to trigger a net trap.
The royal mummy is engulfed in freezing vapours.
You block the death scarab's attack.
The flying skull fails to trigger a net trap.
The royal mummy mumbles some strange words.
The mummy priest prays to its god.
The death scarab attacks as you move away!
You block the death scarab's attack.
The death scarab disappears in a puff of smoke!
The death scarab waves its antennae.
The sixfirhy completely misses you.
The mummy priest utters an invocation to its god.
The death scarab is engulfed in freezing vapours.
The sixfirhy completely misses you.
The mummy priest calls on the powers of darkness!
The emperor scorpion convulses! x8; Your body is wracked with pain!
* * * LOW HITPOINT WARNING * * *
The death scarab is engulfed in freezing vapours.
You block the royal mummy's attack.
The mummy priest mumbles some strange prayers to its god against you.
Something smites you!
You die...

#..M§s..[...z.......[
#§..§.°................#
#§..ss§§...............#
#....§...?.............#
#.§.....s............^.#
#.....§§§.........)....#
#§.§...○......§........#
#.(^z^........☼s§§.....#
#...°.........s3@......#
#..°.....s....BMM.§....#
#°.....)M..M.MM○s§§....#
'....M..sM#..M#°sB.....#
#.........MMss....°....#
#..s....M.....3~s......#
#..z....M..M~ss~.......#
#.z.####....M~z4.####.^#
#...# #....~°~~.# ..#


You could see 4 royal mummies, 10 emperor scorpions, 3 mummy priests, 2 guardian
mummies, a sixfirhy (summoned), a smoke demon (summoned), a chaos spawn
(summoned), 2 death scarabs, a flying skull and 2 mummies.

Vanquished Creatures
  3 dread liches
  3 ancient liches
  Mara (Snake:4)
  Boris (Depths:4)
  3 royal mummies (Tomb:1)
  Vashnia (Snake:3)
  A caustic shrike (Depths:3)
  A golden dragon (Depths:4)
  Saint Roka (Elf:2)
  Jory (Vaults:3)
  the Enchantress (Depths:4)
  A mutant beast (WizLab)
  Jorgrun (Snake:3)
  2 bone dragons
  Rupert (Snake:1)
  2 tentacled monstrosities
  An Ice Fiend (IceCv)
  A deep elf master archer (Elf:3)
  2 deep elf blademasters
  A quicksilver dragon (Vaults:5)
  6 liches
  3 krakens
  Frances (Snake:1)
  5 titans (Vaults:5)
  7 ancient champions
  5 sphinxes
  Kirke (Shoals:1)
  3 tengu reavers
  4 shadow dragons
  3 storm dragons (Vaults:5)
  5 revenants
  Donald (Shoals:1)
  Ilsuiw (Shoals:2)
  5 nagarajas (Snake:4)
  10 fire giants
  A draconian knight (Depths:4)
  7 deep elf sorcerers
  Louise (Elf:1)
  15 vault wardens
  9 frost giants
  5 spectral caustic shrikes (Depths:4)
  3 iron dragons
  3 ghouls
  Aizul (Snake:3)
  4 curse skulls
  A caustic shrike zombie (Crypt:2)
  A balrug (Depths:1)
  5 spriggan defenders
  14 ironbound preservers
  The ghost of middlethird the Necromancer, an adept VSRe of Cheibriados (Snake:2)
  A draconian shifter (Depths:4)
  4 orc warlords
  3 deep elf elementalists
  4 ironbound thunderhulks
  23 very ugly things
  A war gargoyle (Vaults:4)
  13 stone giants
  4 bennus (Tomb:1)
  6 vampire knights
  12 deep elf demonologists
  3 green draconians (Depths:4)
  Nessos (Orc:2)
  9 dire elephants
  3 red draconians (Depths:4)
  Azrael (Elf:1)
  A spark wasp (shapeshifter) (D:15)
  10 deep elf annihilators (Elf:3)
  5 spark wasps
  A crystal guardian (Vaults:4)
  13 ettins
  4 eidola
  Snorg (Lair:4)
  9 deep elf death magi
  2 fire dragons
  6 jiangshi
  9 mummy priests
  6 merfolk javelineers
  13 merfolk impalers
  5 entropy weavers (shapeshifter)
  Josephine (Snake:1)
  A blizzard demon (Depths:2)
  10 yaktaur captains
  Fannar (D:11)
  4 deep elf high priests
  2 peacekeepers
  A hell beast (Depths:4)
  A spriggan skeleton (Depths:3)
  3 catoblepae
  Harold (D:10)
  Erolcha (D:11)
  11 centaur warriors
  2 salamander tyrants
  6 ice dragons
  32 vault guards
  8 great orbs of eyes
  3 merfolk avatars
  2 alligator snapping turtles (Shoals:4)
  8 hydras
  The ghost of cdecastro the Severer, a novice HOFi of Nemelex Xobeh (D:10)
  5 spriggan air magi
  An alligator (Lair:5)
  9 ironbound frosthearts
  3 boulder beetles
  4 deep troll shamans
  3 ogre magi
  13 anacondas
  5 two-headed ogres
  4 merfolk aquamancers
  2 satyrs
  3 death knights
  25 dancing weapons
  An anaconda (shapeshifter) (Depths:1)
  15 death scarabs
  5 tengu warriors
  A two-headed ogre (shapeshifter) (Vaults:5)
  3 orc high priests (Orc:2)
  Urug (D:12)
  4 deep troll earth magi
  2 titan zombies
  18 naga warriors
  8 death yaks (Lair:5)
  15 naga sharpshooters
  4 spriggan berserkers
  2 sun demons
  17 deep elf knights
  7 vampire magi
  12 hell knights
  5 shock serpents
  6 skysharks
  Sonja (Lair:3)
  A soul eater (Depths:4)
  20 skeletal warriors
  A sixfirhy (Depths:4)
  A shadow wraith (Crypt:3)
  7 salamander mystics
  2 sea snakes (shapeshifter)
  A storm dragon skeleton (Depths:3)
  A goliath frog (Lair:5)
  3 iron trolls
  An anaconda zombie (Tomb:1)
  2 glowing orange brains
  56 deep trolls
  4 flayed ghosts
  4 naga ritualists
  3 death drakes (shapeshifter)
  4 spriggan simulacra (IceCv)
  An orange crystal statue (IceCv)
  11 sea snakes
  An obsidian statue (IceCv)
  6 wizards
  A bog body (IceCv)
  9 deep elf archers
  15 ironbound convokers
  9 necromancers
  8 lindwurms
  A shadow dragon zombie (Depths:3)
  10 phantasmal warriors
  A lindwurm (shapeshifter) (Vaults:4)
  Pikel (D:4)
  16 harpies
  An iron giant skeleton (Crypt:1)
  12 orc knights
  26 deep elf zephyrmancers
  4 orc sorcerers (Orc:2)
  A sphinx zombie (Depths:3)
  2 salamanders (shapeshifter)
  A mana viper (shapeshifter) (WizLab)
  A sphinx skeleton (Depths:3)
  30 deep elf pyromancers
  5 mana vipers
  9 fauns
  34 ugly things
  5 cyclopes
  2 cyclopes (shapeshifter) (WizLab)
  A stone giant zombie (Vaults:5)
  24 manticores
  16 salamanders
  30 black mambas
  14 elephants
  Maurice (D:9)
  An iron dragon skeleton (Crypt:3)
  7 merfolk sirens
  9 guardian serpents
  A rust devil (Depths:4)
  3 smoke demons
  A stone giant skeleton (Vaults:5)
  21 vault sentinels
  A centaur skeleton (Tomb:1)
  23 cane toads
  16 naga magi
  A dire elephant skeleton (Crypt:3)
  2 torpor snails
  7 water nymphs
  A torpor snail (shapeshifter) (Depths:4)
  A fire giant skeleton (Depths:3)
  Maggie (D:7)
  A yaktaur (shapeshifter) (Depths:4)
  5 rime drakes
  13 freezing wraiths
  5 komodo dragons
  Psyche (D:11)
  An unseen horror (D:11)
  4 yaktaurs
  A black draconian zombie (Crypt:2)
  3 ice devils
  A komodo dragon (shapeshifter) (WizLab)
  A bunyip simulacrum (Crypt:1)
  An anaconda simulacrum (IceCv)
  An efreet (D:14)
  5 tengu conjurers
  14 guardian mummies
  2 red devils
  A polar bear (shapeshifter) (WizLab)
  2 queen bees (shapeshifter)
  A troll (shapeshifter) (WizLab)
  A sea snake skeleton (Crypt:2)
  A catoblepas skeleton (Crypt:3)
  2 hellwings
  11 wind drakes
  3 meliai (D:13)
  2 tyrant leeches
  A wolf spider simulacrum (D:14)
  29 merfolk
  8 trolls
  3 polar bears
  A raiju (shapeshifter) (Vaults:3)
  A wind drake (shapeshifter) (WizLab)
  8 snapping turtles
  4 hornets
  A blink frog (shapeshifter) (WizLab)
  Prince Ribbit (D:8)
  2 dream sheep (shapeshifter)
  19 blink frogs
  A frost giant simulacrum (Depths:3)
  2 tarantellas (shapeshifter)
  2 fire dragon zombies
  A fire giant simulacrum (Depths:1)
  A hydra skeleton (Crypt:3)
  A jumping spider (shapeshifter) (WizLab)
  A satyr zombie (Crypt:3)
  9 dream sheep
  A slime creature (shapeshifter) (Vaults:5)
  A satyr skeleton (Crypt:1)
  A ynoxinul (Depths:4)
  9 wyverns
  33 slime creatures
  3 spriggans
  5 flying skulls
  A spriggan (shapeshifter) (WizLab)
  14 wraiths
  A shadow (D:12)
  3 air elementals
  8 fire elementals
  2 yaks (shapeshifter)
  13 water elementals
  A basilisk (shapeshifter) (WizLab)
  A hog (Shoals:1)
  A human (Shoals:1)
  A wyvern (shapeshifter) (Depths:2)
  2 ushabtiu (Tomb:2)
  60 yaks
  A redback (shapeshifter) (WizLab)
  8 basilisks
  A wind drake zombie (Crypt:2)
  A human (shapeshifter) (D:13)
  11 vampire mosquitoes
  2 minotaur simulacra (IceCv)
  A naga zombie (Tomb:1)
  A neqoxec (Depths:4)
  10 wargs
  44 nagas
  An iron golem (WizLab)
  13 water moccasins
  An entropy weaver zombie (Crypt:2)
  4 hell hounds
  A floating eye (shapeshifter) (Elf:1)
  An acid dragon (D:8)
  6 floating eyes
  2 cane toad skeletons
  A merfolk skeleton (Crypt:1)
  3 black bears
  8 large abominations
  44 orc warriors
  A sky beast (shapeshifter) (WizLab)
  3 ice beasts
  3 alligator simulacra (IceCv)
  A tengu (shapeshifter) (WizLab)
  17 centaurs
  13 wolves
  4 ogres
  3 boggarts (Vaults:1)
  8 small abominations
  6 kobold brigands
  A phantom (D:6)
  Blork the orc (D:4)
  13 bullfrogs
  A scorpion (shapeshifter) (WizLab)
  An earth elemental (Elf:1)
  4 deep troll simulacra (IceCv)
  A scorpion (D:5)
  3 wights (D:10)
  A glowing shapeshifter simulacrum (Vaults:5)
  2 lindwurm simulacra (IceCv)
  2 electric eels (Lair:5)
  4 howler monkeys
  2 jellies
  23 orc priests
  3 sleepcaps
  3 iguanas
  13 orc wizards
  8 hell rats (D:14)
  A sky beast zombie (Crypt:2)
  33 mummies
  An ogre skeleton (Crypt:2)
  2 tengu skeletons
  A howler monkey skeleton (Crypt:1)
  4 adders
  6 gnolls
  A shadow imp (D:5)
  2 white imps
  An ufetubus (D:5)
  A lava snake skeleton (Crypt:3)
  A worm (D:3)
  3 dart slugs
  94 orcs
  A bat skeleton (Crypt:1)
  5 endoplasms
  5 giant cockroaches
  12 goblins
  13 hobgoblins
  2 jackals (D:3)
  6 quokkas
  6 ball pythons
  A bat (D:1)
  A dart slug zombie (Crypt:1)
  4 frilled lizards
  A jackal skeleton (Crypt:1)
  44 kobolds
  A kobold skeleton (Crypt:1)
  4 rats
  A rat skeleton (Crypt:3)
  A river rat skeleton (Crypt:3)
  A fire vortex (Depths:3)
2062 creatures vanquished.

Vanquished Creatures (collateral kills)
  A dread lich (Vaults:4)
  A caustic shrike (Depths:3)
  2 golden dragons
  A tentacled monstrosity (Vaults:5)
  2 sphinxes (Tomb:1)
  3 shadow dragons
  A storm dragon (Depths:4)
  A vault warden (Vaults:5)
  2 frost giants
  A caustic shrike zombie (Crypt:1)
  2 stone giants
  A vampire knight (Depths:1)
  A rockslime zombie (Crypt:1)
  A fire dragon (Depths:1)
  A jiangshi (Crypt:1)
  2 ettins
  2 ice dragons (Depths:1)
  2 vampire magi (Crypt:1)
  A skeletal warrior (Crypt:2)
  An iron troll (Depths:1)
  A bog body (Crypt:2)
  2 necromancers
  A phantasmal warrior (Crypt:2)
  2 ugly things (Depths:1)
  A faun (Shoals:3)
  A fire giant zombie (Depths:1)
  An elf zombie (Vaults:2)
  A cane toad (Lair:5)
  A yaktaur (Vaults:4)
  2 blink frogs (Lair:5)
  A stone giant simulacrum (Vaults:2)
  An ushabti (Tomb:1)
  A glowing shapeshifter zombie (Depths:1)
  A human zombie (Vaults:5)
  A blink frog skeleton (Crypt:1)
  A glowing shapeshifter simulacrum (Vaults:2)
  An orc (Orc:2)
  A dart slug zombie (Crypt:2)
50 creatures vanquished.

Vanquished Creatures (others)
  A sphinx (Vaults:5)
  A vampire mage (Crypt:2)
  A phantasmal warrior (Vaults:5)
  3 deep elf zephyrmancers
  A human (Shoals:1)
  6 fulminant prisms
  17 tentacles
30 creatures vanquished.

Grand Total: 2142 creatures vanquished

Notes
Turn   | Place    | Note
-------+----------+-------------------------------------------
     0 | D:1      | GimliDwarf the Gnoll Wanderer began the quest for the Orb.
     0 | D:1      | GimliDwarf set off with the following items: a +0 dagger, a
                  | potion of attraction, a +0 robe, a +0 pair of gloves; and
                  | the following spell memorised: Shock; and the following
                  | spells available to memorise: Sublimation of Blood,
                  | Cigotuvi's Dreadful Rot, Summon Lightning Spire.
     0 | D:1      | Reached XP level 1. HP: 13/13 MP: 6/6
    92 | D:1      | Found Veriod's Book Emporium.
   285 | D:1      | Reached XP level 2. HP: 19/19 MP: 4/7
   313 | D:1      | Found Alurgh's Distillery.
   600 | D:1      | Found Nuguhew's Weapon Shop.
   635 | D:1      | Found Qustrea's Jewellery Boutique.
   722 | D:1      | Reached skill level 5 in Spellcasting
   722 | D:1      | Reached XP level 3. HP: 25/25 MP: 3/9
   833 | D:1      | Found Ymurecom's Assorted Antiques.
  1381 | D:2      | Reached skill level 1 in Invocations
  1528 | D:2      | Reached skill level 1 in Fighting
  1528 | D:2      | Reached skill level 1 in Short Blades
  1528 | D:2      | Reached skill level 1 in Long Blades
  1528 | D:2      | Reached skill level 1 in Axes
  1528 | D:2      | Reached skill level 1 in Maces & Flails
  1528 | D:2      | Reached skill level 1 in Polearms
  1528 | D:2      | Reached skill level 1 in Staves
  1528 | D:2      | Reached skill level 1 in Ranged Weapons
  1528 | D:2      | Reached skill level 1 in Armour
  1528 | D:2      | Reached skill level 1 in Shields
  1528 | D:2      | Reached skill level 1 in Unarmed Combat
  1528 | D:2      | Reached skill level 1 in Evocations
  2119 | D:2      | Reached XP level 4. HP: 32/32 MP: 6/11
  2485 | D:3      | Identified a scroll of acquirement
  2485 | D:3      | Acquired the ring of the Cicada {Drain +Blink AC+4 Int+2}
  2738 | D:3      | Reached skill level 1 in Conjurations
  2738 | D:3      | Reached skill level 1 in Hexes
  2738 | D:3      | Reached skill level 1 in Summonings
  2738 | D:3      | Reached skill level 1 in Translocations
  2738 | D:3      | Reached skill level 1 in Transmutations
  2738 | D:3      | Reached skill level 1 in Fire Magic
  2738 | D:3      | Reached skill level 1 in Ice Magic
  2738 | D:3      | Reached skill level 1 in Earth Magic
  2738 | D:3      | Reached skill level 1 in Poison Magic
  2997 | D:3      | Reached XP level 5. HP: 35/37 MP: 4/12
  3506 | D:4      | Noticed Pikel
  3506 | D:4      | Noticed a lemure
  3506 | D:4      | Noticed a lemure
  3506 | D:4      | Noticed a lemure
  3506 | D:4      | Noticed a lemure
  3657 | D:4      | Found a shimmering blue altar of Sif Muna.
  3763 | D:4      | Noticed Blork the orc
  4051 | D:4      | Killed Blork the orc
  4052 | D:4      | Reached skill level 2 in Invocations
  4052 | D:4      | Reached XP level 6. HP: 19/44 MP: 11/14
  4380 | D:4      | Killed Pikel
  4381 | D:4      | Reached skill level 3 in Invocations
  4381 | D:4      | Reached XP level 7. HP: 51/51 MP: 15/15
  4399 | D:5      | Entered Level 5 of the Dungeon
  4399 | D:5      | Found Oplongu's Antique Weapon Shoppe.
  4635 | D:5      | Found a hazy altar of Hepliaklqana.
  4802 | D:5      | Reached XP level 8. HP: 49/58 MP: 13/16
  4946 | D:5      | Learned a level 2 spell: Poisonous Vapours
  4950 | D:5      | Learned a level 3 spell: Mephitic Cloud
  4954 | D:5      | Learned a level 3 spell: Ignite Poison
  5217 | D:6      | Found a staircase to the Ecumenical Temple.
  5222 | Temple   | Entered the Ecumenical Temple
  5230 | Temple   | Became a worshipper of Qazlal Stormbringer
  5685 | D:6      | Noticed a wyvern
  5695 | D:6      | Killed a wyvern
  5696 | D:6      | Reached skill level 4 in Invocations
  5950 | D:6      | Reached skill level 5 in Necromancy
  6266 | D:7      | Noticed a wyvern
  6270 | D:7      | Killed a wyvern
  6271 | D:7      | Reached XP level 9. HP: 65/65 MP: 8/18
  6445 | D:7      | Noticed Maggie
  6450 | D:7      | Killed Maggie
  6451 | D:7      | Reached skill level 5 in Throwing
  6451 | D:7      | Reached skill level 5 in Dodging
  6936 | D:7      | Reached skill level 5 in Stealth
  7650 | D:7      | Reached skill level 5 in Invocations
  7747 | D:7      | Reached * piety under Qazlal
  8845 | D:8      | Found a snail-covered altar of Cheibriados.
  8852 | D:8      | Reached skill level 5 in Fighting
  8852 | D:8      | Reached skill level 5 in Short Blades
  8852 | D:8      | Reached skill level 5 in Long Blades
  8852 | D:8      | Reached skill level 5 in Axes
  8852 | D:8      | Reached skill level 5 in Maces & Flails
  8852 | D:8      | Reached skill level 5 in Polearms
  8852 | D:8      | Reached skill level 5 in Staves
  8852 | D:8      | Reached skill level 5 in Ranged Weapons
  8852 | D:8      | Reached skill level 5 in Armour
  8852 | D:8      | Reached skill level 5 in Shields
  8852 | D:8      | Reached skill level 5 in Unarmed Combat
  8852 | D:8      | Reached skill level 5 in Evocations
  8852 | D:8      | Reached XP level 10. HP: 73/74 MP: 0/20
  8985 | D:8      | Found Cheibriados's Comfort Zone.
  8985 | D:8      | Noticed Prince Ribbit
  8996 | D:8      | Killed Prince Ribbit
  9447 | D:8      | Found a white marble altar of Elyvilon.
  9456 | D:8      | Found a bloodstained altar of Trog.
  9755 | D:9      | Found a flagged portal.
  9780 | D:9      | Reached ** piety under Qazlal
  9782 | D:9      | Reached skill level 6 in Invocations
  9815 | Bailey   | Entered a bailey
 10694 | D:9      | Noticed a two-headed ogre
 10700 | D:9      | Killed a two-headed ogre
 10701 | D:9      | Reached skill level 5 in Conjurations
 10701 | D:9      | Reached skill level 5 in Hexes
 10701 | D:9      | Reached skill level 5 in Summonings
 10701 | D:9      | Reached skill level 5 in Translocations
 10701 | D:9      | Reached skill level 5 in Transmutations
 10701 | D:9      | Reached skill level 5 in Fire Magic
 10701 | D:9      | Reached skill level 5 in Ice Magic
 10701 | D:9      | Reached skill level 5 in Earth Magic
 10701 | D:9      | Reached skill level 5 in Poison Magic
 10701 | D:9      | Reached XP level 11. HP: 75/81 MP: 4/23
 10849 | D:9      | Noticed Maurice
 10950 | D:9      | Killed Maurice
 10975 | D:9      | Found a sparkling altar of Nemelex Xobeh.
 11368 | D:9      | Found a staircase to the Orcish Mines.
 11382 | D:9      | Reached *** piety under Qazlal
 11397 | D:9      | Reached skill level 7 in Invocations
 11604 | D:8      | Bought the +3 hat of Pondering {ponderous, Will+ MP+10
                  | Int+5} for 457 gold pieces
 11604 | D:8      | Found the +3 hat of Pondering {ponderous, Will+ MP+10
                  | Int+5}
 11713 | D:1      | Bought a ring of wizardry for 360 gold pieces
 11847 | D:9      | Learned a level 5 spell: Freezing Cloud
 11848 | D:10     | Entered Level 10 of the Dungeon
 11903 | D:10     | Noticed a two-headed ogre
 11908 | D:10     | Killed a two-headed ogre
 12021 | D:10     | Noticed Harold
 12028 | D:10     | Killed Harold
 12211 | D:10     | Found a one-way gate to the infinite horrors of the Abyss.
 12211 | D:10     | Noticed cdecastro's ghost (novice HOFi)
 12363 | D:10     | Found a transporter.
 12390 | D:10     | Found a transporter.
 12565 | D:10     | Found a portal to a secret trove of treasure.
 12782 | D:11     | Noticed a manticore
 12784 | D:11     | Noticed Psyche
 12785 | D:11     | Killed a manticore
 12788 | D:11     | Killed Psyche
 12952 | D:11     | Reached XP level 12. HP: 91/91 MP: 20/24
 12953 | D:11     | Found a staircase to the Lair.
 13202 | D:11     | Noticed a centaur warrior
 13209 | D:11     | Killed a centaur warrior
 13210 | D:11     | Reached skill level 8 in Invocations
 13348 | D:11     | Noticed Erolcha
 13351 | D:11     | Killed Erolcha
 13425 | D:11     | Noticed Fannar
 13428 | D:11     | Killed Fannar
 13591 | D:11     | Noticed a two-headed ogre
 13594 | D:11     | Killed a two-headed ogre
 13812 | Lair:1   | Entered Level 1 of the Lair of Beasts
 13823 | Lair:1   | Reached **** piety under Qazlal
 14935 | Lair:1   | You fall into a shaft and drop 1 floor!
 14980 | Lair:2   | Found a staircase to the Snake Pit.
 15365 | Lair:2   | Reached XP level 13. HP: 97/98 MP: 22/26
 15409 | Lair:2   | Reached skill level 9 in Invocations
 15462 | Lair:2   | Learned a level 4 spell: Iskenderun's Mystic Blast
 15468 | Lair:2   | Learned a level 5 spell: Lee's Rapid Deconstruction
 15473 | Lair:2   | Learned a level 4 spell: Fulminant Prism
 16221 | Lair:3   | Found a staircase to the Shoals.
 16581 | Lair:3   | Identified the +6 dagger "Jostre" {spect, rF+ Will+ Int+8}
 16632 | Lair:3   | Noticed Sonja
 16638 | Lair:3   | Killed Sonja
 17413 | Lair:4   | Noticed Snorg
 17419 | Lair:4   | Killed Snorg
 17424 | Lair:4   | Reached skill level 10 in Spellcasting
 17922 | Lair:4   | Reached ***** piety under Qazlal
 18568 | Lair:5   | Entered Level 5 of the Lair of Beasts
 18568 | Lair:5   | Found a staircase to the Slime Pits.
 18981 | Lair:4   | Reached XP level 14. HP: 52/108 MP: 5/28
 18993 | Lair:4   | Reached skill level 10 in Invocations
 19823 | Lair:5   | Reached skill level 10 in Throwing
 19823 | Lair:5   | Reached skill level 10 in Dodging
 19826 | Lair:5   | Reached skill level 10 in Stealth
 20436 | Lair:5   | Reached skill level 10 in Air Magic
 20921 | Orc:1    | Entered Level 1 of the Orcish Mines
 20927 | Orc:1    | Reached skill level 10 in Fighting
 20927 | Orc:1    | Reached skill level 10 in Short Blades
 20927 | Orc:1    | Reached skill level 10 in Long Blades
 20927 | Orc:1    | Reached skill level 10 in Axes
 20927 | Orc:1    | Reached skill level 10 in Maces & Flails
 20927 | Orc:1    | Reached skill level 10 in Polearms
 20927 | Orc:1    | Reached skill level 10 in Staves
 20927 | Orc:1    | Reached skill level 10 in Ranged Weapons
 20927 | Orc:1    | Reached skill level 10 in Armour
 20927 | Orc:1    | Reached skill level 10 in Shields
 20927 | Orc:1    | Reached skill level 10 in Unarmed Combat
 20927 | Orc:1    | Reached skill level 10 in Evocations
 21205 | Orc:2    | Entered Level 2 of the Orcish Mines
 21209 | Orc:2    | Noticed an orc warlord
 21237 | Orc:2    | Killed an orc warlord
 21513 | Orc:2    | Reached XP level 15. HP: 115/115 MP: 30/30
 21519 | Orc:2    | Reached skill level 11 in Invocations
 22262 | Orc:2    | Found a staircase to the Elven Halls.
 22341 | Orc:2    | Noticed Nessos
 22356 | Orc:2    | Killed Nessos
 22627 | Orc:2    | Found Huacakh's Magic Scroll Shop.
 22632 | Orc:2    | Found Rohumoekk's General Store.
 22636 | Orc:2    | Bought a scroll of enchant armour for 127 gold pieces
 22636 | Orc:2    | Bought a scroll of enchant weapon for 127 gold pieces
 22639 | Orc:2    | Found Feqiut's Book Shoppe.
 22641 | Orc:2    | Found Ital Push's Distillery.
 23413 | D:10     | Learned a level 5 spell: Irradiate
 23828 | Orc:2    | Gained mutation: You are frail. (-10% HP) [potion of
                  | mutation]
 23828 | Orc:2    | Gained mutation: You have a somewhat thin skeletal
                  | structure. (Dex +2, Stealth+) [potion of mutation]
 23828 | Orc:2    | Gained mutation: Your spells are a little harder to cast,
                  | but a little more powerful. [potion of mutation]
 23968 | D:12     | Found Soryel's Antique Weapon Emporium.
 23971 | D:12     | Noticed Urug
 24051 | D:12     | Found an opulent altar of Gozag.
 24139 | D:12     | Killed Urug
 25017 | D:12     | Bought an ancient dagger for 252 gold pieces
 25017 | D:12     | Identified the +10 dagger "Jifeneoc" {flame, Dex+5} (You
                  | bought it in a shop on level 12 of the Dungeon)
 25434 | D:13     | Reached ****** piety under Qazlal
 25579 | D:13     | Found a gate to the Vaults.
 26499 | D:14     | Reached skill level 10 in Necromancy
 26602 | D:14     | Reached XP level 16. HP: 100/111 MP: 27/32
 27032 | D:14     | Reached skill level 12 in Invocations
 27553 | D:15     | Entered Level 15 of the Dungeon
 27584 | D:15     | Identified the +0 scale mail of Pan-Flutes {Will+}
 27666 | D:15     | a quicksilver ooze changed into a sphinx
 27666 | D:15     | Noticed a sphinx (glowing shapeshifter)
 27667 | D:15     | a sphinx changed into a storm dragon
 27667 | D:15     | Noticed a storm dragon (glowing shapeshifter)
 27669 | D:15     | a storm dragon changed into a five-headed hydra
 27751 | D:15     | Found a staircase to the Depths.
 28585 | Shoals:1 | Entered Level 1 of the Shoals
 28591 | Shoals:1 | Noticed Donald
 28596 | Shoals:1 | Killed Donald
 28639 | Shoals:1 | Noticed Kirke
 28648 | Shoals:1 | Noticed a sphinx
 28649 | Shoals:1 | Killed Kirke
 28943 | Shoals:1 | Reached XP level 17. HP: 118/118 MP: 17/33
 29388 | Shoals:1 | Noticed a kraken
 29403 | Shoals:1 | Killed a kraken
 29636 | Shoals:1 | Noticed a kraken
 29642 | Shoals:1 | Killed a kraken
 29724 | Shoals:2 | Noticed Ilsuiw
 29737 | Shoals:2 | Killed Ilsuiw
 29846 | Shoals:2 | Reached skill level 10 in Conjurations
 29846 | Shoals:2 | Reached skill level 10 in Hexes
 29846 | Shoals:2 | Reached skill level 10 in Summonings
 29846 | Shoals:2 | Reached skill level 10 in Translocations
 29846 | Shoals:2 | Reached skill level 10 in Transmutations
 29846 | Shoals:2 | Reached skill level 10 in Fire Magic
 29846 | Shoals:2 | Reached skill level 10 in Ice Magic
 29846 | Shoals:2 | Reached skill level 10 in Earth Magic
 29846 | Shoals:2 | Reached skill level 10 in Poison Magic
 29985 | Shoals:2 | Reached XP level 18. HP: 126/126 MP: 18/34
 30120 | Shoals:2 | Reached skill level 13 in Invocations
 30190 | Shoals:2 | Found Zupnorgh's Distillery.
 30516 | Shoals:2 | Identified the ring of Lust {rPois rF+}
 30562 | Shoals:2 | Found a runed translucent gate.
 30562 | Shoals:2 | Found a runed translucent gate.
 30562 | Shoals:2 | Found a runed translucent gate.
 31000 | Shoals:3 | Found a frozen archway.
 31006 | IceCv    | Entered an ice cave
 31468 | IceCv    | Noticed an Ice Fiend
 31595 | IceCv    | Killed an Ice Fiend
 32241 | Shoals:3 | Found Rarapiar's Magic Scroll Emporium.
 32266 | Shoals:3 | Bought a scroll of enchant weapon for 105 gold pieces
 32294 | Shoals:3 | Found a glowing silver altar of Zin.
 32718 | Shoals:4 | Entered Level 4 of the Shoals
 33339 | Shoals:4 | Got a barnacled rune of Zot
 33754 | Shoals:4 | Got the Incunabulum of Fire and the Brume
 34143 | Shoals:4 | Got the Anthology of Numb Anemomancy
 34446 | Snake:1  | Entered Level 1 of the Snake Pit
 34564 | Snake:1  | Reached XP level 19. HP: 90/133 MP: 29/36
 34789 | Snake:1  | Noticed Rupert
 34798 | Snake:1  | Paralysed by Rupert for 5 turns
 34799 | Snake:1  | Killed Rupert
 34983 | Snake:1  | Reached skill level 14 in Invocations
 35073 | Snake:1  | Noticed Josephine
 35077 | Snake:1  | Killed Josephine
 35190 | Snake:1  | Noticed Frances
 35203 | Snake:1  | Killed Frances
 36117 | D:10     | You paid a toll of 2 scrolls of acquirement to enter a
                  | treasure trove
 36118 | Trove    | Entered a treasure trove
 36120 | Trove    | Found the +15 Maxwell's patent armour {-Cast -Tele rElec
                  | Will+ rCorr}
 36123 | Trove    | Identified the +0 cloak of Oxaevu {rElec rF+ rN+ Dex+2}
 36127 | Trove    | Identified the +1 pair of gloves of Ysaiseet {rElec}
 36128 | Trove    | Identified the +1 pair of gloves "Titza" {rC+ Dex+3}
 36129 | Trove    | Identified the +1 buckler of Starshine {rPois}
 36130 | Trove    | Identified the +3 buckler of the Stonemason {*Corrode Will+
                  | Int+5 Dex+2}
 36134 | Trove    | Identified the +0 scale mail "Sautues" {Regen+ Dex+3}
 36773 | Snake:2  | Identified the +6 battleaxe "Xalakk" {freeze, rElec Str+3
                  | Dex+4 SInv}
 36985 | Snake:2  | Found a runed translucent door.
 36988 | Snake:2  | Noticed middlethird's ghost (adept VSRe)
 37595 | Snake:2  | Killed middlethird's ghost
 37718 | Snake:3  | Noticed Jorgrun
 37726 | Snake:3  | Killed Jorgrun
 37806 | Snake:3  | Noticed Vashnia
 37821 | Snake:3  | Killed Vashnia
 37936 | Snake:3  | Found Plog's Magic Scroll Shoppe.
 38088 | Snake:3  | Noticed Aizul
 38105 | Snake:3  | Killed Aizul
 38983 | Snake:4  | Entered Level 4 of the Snake Pit
 39613 | Snake:4  | Reached XP level 20. HP: 113/141 MP: 32/38
 40059 | Snake:4  | Noticed Mara
 40065 | Snake:4  | Noticed GimliDwarf's illusion
 40075 | Snake:4  | Killed Mara
 40508 | Snake:4  | Got a serpentine rune of Zot
 40798 | Elf:1    | Entered Level 1 of the Elven Halls
 40939 | Elf:1    | Found Filu's General Store.
 40964 | Elf:1    | Noticed Louise
 40970 | Elf:1    | Killed Louise
 40977 | Elf:1    | Reached skill level 15 in Invocations
 41273 | Elf:1    | Identified the +5 war axe "Cobauv" {protect, Int+5 SInv}
 41453 | Elf:1    | Found Hoamuo's Weapon Shoppe.
 41710 | Elf:1    | Noticed Azrael
 41715 | Elf:1    | Killed Azrael
 41724 | Elf:1    | Found an ancient bone altar of Kikubaaqudgha.
 42430 | Elf:2    | Paralysed by an air elemental for 1 turns
 42536 | Elf:2    | Found a radiant altar of Vehumet.
 42672 | Elf:2    | Found a runed translucent gate.
 42672 | Elf:2    | Found a runed translucent gate.
 42673 | Elf:2    | Found a runed translucent gate.
 43239 | Elf:2    | Noticed Saint Roka
 43524 | Elf:2    | Killed Saint Roka
 43631 | Elf:2    | Reached skill level 15 in Spellcasting
 43959 | Elf:3    | Entered Level 3 of the Elven Halls
 43990 | Elf:3    | Identified the +0 chain mail of Music {rElec rPois}
 44043 | Elf:3    | Reached XP level 21. HP: 148/148 MP: 40/40
 44276 | Elf:2    | Learned a level 4 spell: Olgreb's Toxic Radiance
 44284 | Elf:2    | Learned a level 7 spell: Ozocubu's Refrigeration
 44292 | Elf:2    | Learned a level 7 spell: Spellforged Servitor
 44703 | Elf:3    | Identified the ring of Rekula {Ice Will++ Slay+3}
 44705 | Elf:3    | Identified the +6 battleaxe of Sudden Death {drain, *Rage
                  | rElec rF+ rCorr}
 44713 | Elf:3    | Identified the +10 scimitar "Killer Bee's Doom" {protect,
                  | *Rage Fly Int-5 Dex+7}
 44713 | Elf:3    | Identified the amulet "Oqug" {Regen+ Int+3}
 44800 | Elf:3    | Identified the +10 trident of Propriety {freeze, *Rage
                  | rElec rCorr Dex-3}
 44819 | Elf:3    | Identified the staff of death "Ceonk" {rN+ Dex+2}
 44947 | Elf:3    | Identified the staff of death "Fatab" {Fly rPois rN+ Will-
                  | SInv}
 44957 | Elf:3    | Got Sif Muna's Codex of Coordinates
 45013 | Elf:3    | Identified the staff of air "Warch" {*Corrode rElec rN+
                  | Will++}
 45014 | Elf:3    | Identified the staff of air "Xathekhle" {rElec Dex+5}
 45508 | Vaults:1 | Entered Level 1 of the Vaults
 45899 | Vaults:1 | Reached skill level 16 in Invocations
 45925 | Vaults:1 | Reached skill level 15 in Throwing
 45925 | Vaults:1 | Reached skill level 15 in Dodging
 45957 | Vaults:1 | Reached skill level 15 in Stealth
 45968 | Vaults:1 | Found a magical portal.
 45977 | WizLab   | Entered Cigotuvi's Fleshworks
 46727 | WizLab   | Paralysed by a floating eye for 4 turns
 46827 | WizLab   | Found the -2 hat of the Alchemist {rElec rPois rF+ rC+ rN+
                  | Will+ rMut rCorr}
 46895 | WizLab   | Reached XP level 22. HP: 145/156 MP: 36/41
 46929 | WizLab   | Reached skill level 15 in Fighting
 46929 | WizLab   | Reached skill level 15 in Short Blades
 46929 | WizLab   | Reached skill level 15 in Long Blades
 46929 | WizLab   | Reached skill level 15 in Axes
 46929 | WizLab   | Reached skill level 15 in Maces & Flails
 46929 | WizLab   | Reached skill level 15 in Polearms
 46929 | WizLab   | Reached skill level 15 in Staves
 46929 | WizLab   | Reached skill level 15 in Ranged Weapons
 46929 | WizLab   | Reached skill level 15 in Armour
 46929 | WizLab   | Reached skill level 15 in Shields
 46929 | WizLab   | Reached skill level 15 in Unarmed Combat
 46929 | WizLab   | Reached skill level 15 in Evocations
 46939 | WizLab   | Got Cigotuvi's Volume of the Twisted Gestalt
 46946 | WizLab   | Got the Papyrus of Transmigration
 47199 | Vaults:1 | Acquired 886 gold pieces
 48256 | Vaults:1 | Learned a level 7 spell: Orb of Destruction
 48896 | Vaults:2 | Found Xownuic's Armour Emporium.
 50101 | Vaults:3 | Noticed Jory
 50145 | Vaults:3 | Killed Jory
 50442 | Vaults:3 | Found Ywisyng's Weapon Shop.
 51055 | Vaults:3 | Noticed a dread lich
 51177 | Vaults:3 | Found a staircase to the Crypt.
 52039 | Vaults:4 | Reached XP level 23. HP: 164/164 MP: 9/43
 52191 | Vaults:4 | Reached skill level 17 in Invocations
 52404 | Vaults:4 | Noticed a dread lich
 52407 | Vaults:4 | Noticed an ancient lich
 52450 | Vaults:4 | Killed an ancient lich
 52450 | Vaults:4 | Killed a dread lich
 52687 | Vaults:4 | Found Naishrexi's General Store.
 53409 | Vaults:4 | Acquired 485 gold pieces
 53412 | Vaults:5 | Entered Level 5 of the Vaults
 53421 | Vaults:5 | Noticed an ancient lich
 53849 | Orc:2    | Bought a potion of magic for 128 gold pieces
 53849 | Orc:2    | Bought a potion of heal wounds for 80 gold pieces
 53859 | Orc:2    | Bought a potion of heal wounds for 60 gold pieces
 53997 | D:10     | Killed cdecastro's ghost
 54236 | Shoals:2 | Bought a potion of heal wounds for 75 gold pieces
 54236 | Shoals:2 | Bought a potion of cancellation for 120 gold pieces
 54455 | D:1      | Bought a potion of heal wounds for 60 gold pieces
 54835 | Vaults:5 | Noticed a golden dragon
 54837 | Vaults:5 | Noticed an ancient lich
 54843 | Vaults:5 | Killed an ancient lich
 54868 | Vaults:5 | Noticed a dread lich
 55328 | Vaults:4 | Killed a dread lich
 55679 | Depths:1 | Entered Level 1 of the Depths
 55793 | Depths:1 | Reached XP level 24. HP: 160/172 MP: 34/44
 56245 | Orc:2    | Bought a book of Fire for 660 gold pieces
 56251 | Orc:2    | Learned a level 5 spell: Fireball
 56463 | Depths:1 | Found a stormy altar of Qazlal.
 56918 | Depths:1 | Reached skill level 15 in Air Magic
 57045 | Depths:1 | Found a runed translucent door.
 57260 | Depths:1 | Found a gateway to Hell.
 57449 | Depths:2 | Found a broken altar of Ashenzari.
 57926 | Depths:2 | Identified the +3 flail of the Sheltering Puffin {pain,
                  | rElec rF- Will- Stlth+}
 58061 | Depths:2 | Reached skill level 18 in Invocations
 59111 | Depths:2 | Learned a level 5 spell: Yara's Violent Unravelling
 59360 | Depths:2 | Found a one-way gate leading to the halls of Pandemonium.
 60205 | Depths:3 | Noticed a caustic shrike
 60532 | Depths:3 | Killed a caustic shrike
 61281 | Depths:3 | Noticed a caustic shrike
 61287 | Depths:3 | Killed a caustic shrike
 61456 | Depths:3 | Found a hide-covered altar of Uskayaw.
 61517 | Depths:3 | Identified the +7 quick blade of the Extremes {flame, Drain
                  | rPois Int+2}
 61609 | Depths:3 | Found a one-way gateway to a ziggurat.
 61663 | Depths:4 | Entered Level 4 of the Depths
 61673 | Depths:4 | Noticed Boris
 61687 | Depths:4 | Killed Boris
 61688 | Depths:4 | Reached XP level 25. HP: 179/180 MP: 6/44
 61952 | Depths:4 | Noticed the Enchantress
 61956 | Depths:4 | Killed the Enchantress
 61957 | Depths:4 | Reached skill level 15 in Necromancy
 62299 | Depths:4 | Paralysed by a floating eye for 4 turns
 62830 | Depths:4 | Found a gate to the Realm of Zot.
 64378 | Vaults:5 | Killed an ancient lich
 65007 | Vaults:5 | Found the +10 morningstar "Eos" {elec, Halo rElec}
 65825 | Vaults:5 | Identified the staff of air "Ureathon" {Contam rElec rN+++
                  | Dex-4 SInv}
 65888 | Vaults:5 | Got a silver rune of Zot
 66058 | Crypt:1  | Entered Level 1 of the Crypt
 66061 | Crypt:1  | Reached skill level 19 in Invocations
 66458 | Crypt:1  | Reached skill level 15 in Conjurations
 66458 | Crypt:1  | Reached skill level 15 in Hexes
 66458 | Crypt:1  | Reached skill level 15 in Summonings
 66458 | Crypt:1  | Reached skill level 15 in Translocations
 66458 | Crypt:1  | Reached skill level 15 in Transmutations
 66458 | Crypt:1  | Reached skill level 15 in Fire Magic
 66458 | Crypt:1  | Reached skill level 15 in Ice Magic
 66458 | Crypt:1  | Reached skill level 15 in Earth Magic
 66458 | Crypt:1  | Reached skill level 15 in Poison Magic
 67183 | Crypt:1  | Learned a level 8 spell: Discord
 67641 | Crypt:2  | Reached XP level 26. HP: 189/189 MP: 45/45
 68067 | Crypt:2  | Identified the +2 rapier "Ehiom" {freeze, rN+ Str+4}
 68340 | Crypt:3  | Entered Level 3 of the Crypt
 68768 | Vaults:4 | Lost mutation: Your spells are a little harder to cast, but
                  | a little more powerful. [potion of mutation]
 68768 | Vaults:4 | Lost mutation: You have a somewhat thin skeletal structure.
                  | (Dex +2, Stealth+) [potion of mutation]
 68768 | Vaults:4 | Lost mutation: You are frail. (-10% HP) [potion of
                  | mutation]
 68768 | Vaults:4 | Gained mutation: You expend magic power (3 MP) to
                  | strengthen your wands. [potion of mutation]
 68769 | Vaults:4 | Lost mutation: You expend magic power (3 MP) to strengthen
                  | your wands. [potion of mutation]
 68769 | Vaults:4 | Gained mutation: Your body sometimes deteriorates upon
                  | taking damage. [potion of mutation]
 68769 | Vaults:4 | Gained mutation: You are partially covered in iridescent
                  | scales. (AC +2) [potion of mutation]
 68770 | Vaults:4 | Lost mutation: You are partially covered in iridescent
                  | scales. (AC +2) [potion of mutation]
 68770 | Vaults:4 | Lost mutation: Your body sometimes deteriorates upon taking
                  | damage. [potion of mutation]
 68770 | Vaults:4 | Gained mutation: Your system is resistant to poisons.
                  | (rPois) [potion of mutation]
 68770 | Vaults:4 | Gained mutation: You are resistant to electric shocks.
                  | (rElec) [potion of mutation]
 68771 | Vaults:4 | Lost mutation: Your system is resistant to poisons. (rPois)
                  | [potion of mutation]
 68771 | Vaults:4 | Lost mutation: You are resistant to electric shocks.
                  | (rElec) [potion of mutation]
 68771 | Vaults:4 | Gained mutation: You are frail. (-10% HP) [potion of
                  | mutation]
 68771 | Vaults:4 | Lost mutation: You are frail. (-10% HP) [potion of
                  | mutation]
 68771 | Vaults:4 | Gained mutation: You have a pair of small horns on your
                  | head. [potion of mutation]
 68772 | Vaults:4 | Lost mutation: You have a pair of small horns on your head.
                  | [potion of mutation]
 68772 | Vaults:4 | Gained mutation: You are frail. (-10% HP) [potion of
                  | mutation]
 68772 | Vaults:4 | Gained mutation: Your spells are a little harder to cast,
                  | but a little more powerful. [potion of mutation]
 68772 | Vaults:4 | Gained mutation: You are partially covered in iridescent
                  | scales. (AC +2) [potion of mutation]
 68773 | Vaults:4 | Lost mutation: You are frail. (-10% HP) [potion of
                  | mutation]
 68773 | Vaults:4 | Lost mutation: You are partially covered in iridescent
                  | scales. (AC +2) [potion of mutation]
 68773 | Vaults:4 | Lost mutation: Your spells are a little harder to cast, but
                  | a little more powerful. [potion of mutation]
 68773 | Vaults:4 | Gained mutation: You are frail. (-10% HP) [potion of
                  | mutation]
 68774 | Vaults:4 | Lost mutation: You are frail. (-10% HP) [potion of
                  | mutation]
 68774 | Vaults:4 | Gained mutation: You are weak. (Str -2) [potion of
                  | mutation]
 68774 | Vaults:4 | Gained mutation: You have extremely sharp teeth. [potion of
                  | mutation]
 68775 | Vaults:4 | Lost mutation: You are weak. (Str -2) [potion of mutation]
 68775 | Vaults:4 | Lost mutation: You have extremely sharp teeth. [potion of
                  | mutation]
 68775 | Vaults:4 | Gained mutation: You expend magic power (3 MP) to
                  | strengthen your wands. [potion of mutation]
 68775 | Vaults:4 | Gained mutation: You occasionally lose the ability to drink
                  | potions when taking damage. [potion of mutation]
 68775 | Vaults:4 | Gained mutation: Your flesh is heat resistant. (rF+)
                  | [potion of mutation]
 68776 | Vaults:4 | Lost mutation: Your flesh is heat resistant. (rF+) [potion
                  | of mutation]
 68776 | Vaults:4 | Lost mutation: You expend magic power (3 MP) to strengthen
                  | your wands. [potion of mutation]
 68776 | Vaults:4 | Lost mutation: You occasionally lose the ability to drink
                  | potions when taking damage. [potion of mutation]
 68776 | Vaults:4 | Gained mutation: Your flesh is heat resistant. (rF+)
                  | [potion of mutation]
 68777 | Vaults:4 | Lost mutation: Your flesh is heat resistant. (rF+) [potion
                  | of mutation]
 68777 | Vaults:4 | Gained mutation: Your spells are a little easier to cast,
                  | but a little less powerful. [potion of mutation]
 68778 | Vaults:4 | Lost mutation: Your spells are a little easier to cast, but
                  | a little less powerful. [potion of mutation]
 68778 | Vaults:4 | Gained mutation: You are frail. (-10% HP) [potion of
                  | mutation]
 68778 | Vaults:4 | Gained mutation: You have hidden genetic defects. [potion
                  | of mutation]
 68778 | Vaults:4 | Gained mutation: Your flesh is cold resistant. (rC+)
                  | [potion of mutation]
 68779 | Vaults:4 | Lost mutation: You have hidden genetic defects. [potion of
                  | mutation]
 68779 | Vaults:4 | Lost mutation: You are frail. (-10% HP) [potion of
                  | mutation]
 68779 | Vaults:4 | Lost mutation: Your flesh is cold resistant. (rC+) [potion
                  | of mutation]
 68779 | Vaults:4 | Gained mutation: You are weak. (Str -2) [potion of
                  | mutation]
 68779 | Vaults:4 | Gained mutation: Your spells are a little easier to cast,
                  | but a little less powerful. [potion of mutation]
 68779 | Vaults:4 | Gained mutation: You are very weak. (Str -4) [potion of
                  | mutation]
 68779 | Vaults:4 | Gained mutation: You are somewhat resistant to further
                  | mutation. [potion of mutation]
 68780 | Vaults:4 | Lost mutation: You are very weak. (Str -4) [potion of
                  | mutation]
 68780 | Vaults:4 | Lost mutation: You are somewhat resistant to further
                  | mutation. [potion of mutation]
 68780 | Vaults:4 | Gained mutation: You have sharp fingernails. [potion of
                  | mutation]
 68780 | Vaults:4 | Gained mutation: You are agile. (Dex +4, Str/Int -1)
                  | [potion of mutation]
 68781 | Vaults:4 | Lost mutation: Your spells are a little easier to cast, but
                  | a little less powerful. [potion of mutation]
 68781 | Vaults:4 | Lost mutation: You are agile. (Dex +4, Str/Int -1) [potion
                  | of mutation]
 68781 | Vaults:4 | Lost mutation: You are weak. (Str -2) [potion of mutation]
 68781 | Vaults:4 | Gained mutation: Your spells are a little harder to cast,
                  | but a little more powerful. [potion of mutation]
 68781 | Vaults:4 | Gained mutation: Your mind is acute. (Int +4, Str/Dex -1)
                  | [potion of mutation]
 68782 | Vaults:4 | Lost mutation: You have sharp fingernails. [potion of
                  | mutation]
 68782 | Vaults:4 | Lost mutation: Your mind is acute. (Int +4, Str/Dex -1)
                  | [potion of mutation]
 68782 | Vaults:4 | Lost mutation: Your spells are a little harder to cast, but
                  | a little more powerful. [potion of mutation]
 68782 | Vaults:4 | Gained mutation: Your mind is acute. (Int +4, Str/Dex -1)
                  | [potion of mutation]
 68782 | Vaults:4 | Gained mutation: You have a pair of small horns on your
                  | head. [potion of mutation]
 68782 | Vaults:4 | Gained mutation: You have an increased reservoir of magic.
                  | (+10% MP) [potion of mutation]
 68783 | Vaults:4 | Lost mutation: You have a pair of small horns on your head.
                  | [potion of mutation]
 68783 | Vaults:4 | Lost mutation: Your mind is acute. (Int +4, Str/Dex -1)
                  | [potion of mutation]
 68783 | Vaults:4 | Lost mutation: You have an increased reservoir of magic.
                  | (+10% MP) [potion of mutation]
 68783 | Vaults:4 | Gained mutation: You are agile. (Dex +4, Str/Int -1)
                  | [potion of mutation]
 68783 | Vaults:4 | Gained mutation: You passively map a small area around you.
                  | [potion of mutation]
 68783 | Vaults:4 | Gained mutation: You have hidden genetic defects. [potion
                  | of mutation]
 68784 | Vaults:4 | Lost mutation: You passively map a small area around you.
                  | [potion of mutation]
 68784 | Vaults:4 | Lost mutation: You have hidden genetic defects. [potion of
                  | mutation]
 68784 | Vaults:4 | Gained mutation: You passively dampen the noise of your
                  | surroundings. [potion of mutation]
 68785 | Vaults:4 | Lost mutation: You passively dampen the noise of your
                  | surroundings. [potion of mutation]
 68785 | Vaults:4 | Lost mutation: You are agile. (Dex +4, Str/Int -1) [potion
                  | of mutation]
 68785 | Vaults:4 | Gained mutation: You are frail. (-10% HP) [potion of
                  | mutation]
 68785 | Vaults:4 | Gained mutation: Your magical capacity is low. (-10% MP)
                  | [potion of mutation]
 68785 | Vaults:4 | Gained mutation: Your spells are a little harder to cast,
                  | but a little more powerful. [potion of mutation]
 68786 | Vaults:4 | Lost mutation: Your spells are a little harder to cast, but
                  | a little more powerful. [potion of mutation]
 68786 | Vaults:4 | Lost mutation: Your magical capacity is low. (-10% MP)
                  | [potion of mutation]
 68786 | Vaults:4 | Lost mutation: You are frail. (-10% HP) [potion of
                  | mutation]
 68786 | Vaults:4 | Gained mutation: Armour fits poorly on your strangely
                  | shaped body. [potion of mutation]
 68786 | Vaults:4 | Gained mutation: You have large cloven feet. [potion of
                  | mutation]
 68786 | Vaults:4 | Gained mutation: Your muscles are strong. (Str +4, Int/Dex
                  | -1) [potion of mutation]
 68787 | Vaults:4 | Lost mutation: Armour fits poorly on your strangely shaped
                  | body. [potion of mutation]
 68787 | Vaults:4 | Lost mutation: You have large cloven feet. [potion of
                  | mutation]
 68787 | Vaults:4 | Lost mutation: Your muscles are strong. (Str +4, Int/Dex
                  | -1) [potion of mutation]
 68787 | Vaults:4 | Gained mutation: Your spells are a little harder to cast,
                  | but a little more powerful. [potion of mutation]
 68787 | Vaults:4 | Gained mutation: You are agile. (Dex +4, Str/Int -1)
                  | [potion of mutation]
 68787 | Vaults:4 | Gained mutation: You occasionally lose the ability to drink
                  | potions when taking damage. [potion of mutation]
 68787 | Vaults:4 | Gained mutation: You are covered in fur. (AC +1) [potion of
                  | mutation]
 68788 | Vaults:4 | Lost mutation: Your spells are a little harder to cast, but
                  | a little more powerful. [potion of mutation]
 68788 | Vaults:4 | Lost mutation: You are agile. (Dex +4, Str/Int -1) [potion
                  | of mutation]
 68788 | Vaults:4 | Gained mutation: You are somewhat resistant to further
                  | mutation. [potion of mutation]
 68788 | Vaults:4 | Gained mutation: A frigid envelope surrounds you and
                  | freezes all who hurt you. [potion of mutation]
 68788 | Vaults:4 | Gained mutation: You are frail. (-10% HP) [potion of
                  | mutation]
 68789 | Vaults:4 | Lost mutation: You are frail. (-10% HP) [potion of
                  | mutation]
 68789 | Vaults:4 | Lost mutation: You occasionally lose the ability to drink
                  | potions when taking damage. [potion of mutation]
 69944 | Crypt:3  | Found a staircase to the Tomb.
 70248 | Crypt:3  | Noticed a dread lich
 70248 | Crypt:3  | Noticed a dread lich
 70253 | Crypt:3  | Killed a dread lich
 70254 | Crypt:3  | Killed a dread lich
 70622 | Crypt:3  | Got the Grimoire of Bodies
 70624 | Crypt:3  | Identified the +0 leather armour of the Wheelwright {rN+}
 71646 | Tomb:1   | Entered Level 1 of the Tomb of the Ancients
 72122 | Tomb:1   | Noticed a royal mummy
 72123 | Tomb:1   | Noticed a royal mummy
 72134 | Tomb:1   | Noticed a royal mummy
 72272 | Tomb:1   | Killed a royal mummy
 72367 | Tomb:1   | Learned a level 5 spell: Silence
 72374 | Tomb:1   | Learned a level 6 spell: Plasma Beam
 72445 | Tomb:1   | Killed a royal mummy
 72624 | Tomb:1   | Killed a royal mummy
 73037 | Tomb:2   | Noticed a royal mummy
 73037 | Tomb:2   | Noticed a royal mummy
 73037 | Tomb:2   | Noticed a royal mummy
 73038 | Tomb:2   | Noticed a royal mummy
 73038 | Tomb:2   | Found the +2 hat of the Bear Spirit {Spirit, Bear, *Rage
                  | Will++}
 73179 | Tomb:2   | HP: 1/209 [mummy priest/divine providence (15)]
 73186 | Tomb:2   | HP: 9/205 [??? (5)]
 73186 | Tomb:2   | Killed from afar by a mummy priest

Illustrated notes

Levels and vault maps discovered:
D:1:      denvon_arrival_planthouse, layout_basic, serial_shops, shop,
          nicolae_square_shop, shop, nicolae_diamond_shop,
          nicolae_shop_advertising_works [nicolae_subvault_shop_adworks]
D:2:      layout_loops_ring, chequers_serial_rivers_micro_d, glass_columns_b,
          st_stairs_11
D:3:      layout_loops_cross
D:4:      layout_basic, nicolae_sif_muna_little_library, uniq_pikel,
          uniq_blork_the_orc
D:5:      layout_rooms, amcnicky_altar_gilded, nicolae_stop_n_shop_2
D:6:      layout_cave_pools, minmay_temple_entry_arrows
D:7:      layout_layer_cave, uniq_maggie
D:8:      layout_loops_cross, mainiacjoe_overflow_swirl,
          chequers_serial_rivers_large_b, minmay_shop_chei,
          grunt_decor_arrowhead, kennysheep_generic_room_12, uniq_prince_ribbit1
D:9:      layout_gridville, mainiacjoe_overflow_brackets,
          minmay_orc_entry_temple_small, enter_bailey_5, hangedman_fish_farm,
          uniq_maurice
D:10:     layout_roguey, trove_entry_hex_spiral, gammafunk_ghost_abyssal_escape,
          uniq_harold
D:11:     layout_basic, david_lair_generic, uniq_psyche, uniq_erolcha,
          uniq_fannar
D:12:     layout_loops_ring, serial_shops, nicolae_shop_hallway_stairs,
          grunt_gozag_breadcrumbs, uniq_urug
D:13:     layout_basic, lightli_vaults_fourway_checkpoint, kennysheep_cross_room
D:14:     layout_rooms, special_room [special_room_mythical_zoo],
          hangedman_abyss_or_decor_clamps, chequers_jeans
D:15:     hangedman_depths_entry_try_elsewhere_first, layout_stronghold
Temple:   sentei_temple_godly_chess
Lair:1:   layout_cellular_growth
Lair:2:   layout_hall_layers, minmay_snake_entry_spellcaster
Lair:3:   layout_cave_pods, nicolae_shoals_entry_flooding,
          chequers_serial_rivers_micro_b, grunt_megastairs_2, uniq_sonja
Lair:4:   layout_regular_city, chequers_serial_rivers_micro_e,
          chequers_serial_rivers_large_a, infiniplex_staircase_pool_2,
          uniq_snorg
Lair:5:   minmay_lair_end_frog_pond, layout_small_grid, slime_entry_1,
          nicolae_lair_lil_pond, st_stairs_6, chequers_serial_rivers_small_3,
          hangedman_lair_generics_rect
Shoals:1: layout_shoals, uniq_donald, uniq_kirke
Shoals:2: layout_shoals, serial_shops, shop, nicolae_shoals_beach_cooler,
          uniq_ilsuiw
Shoals:3: layout_shoals, serial_shops, nicolae_shop_tiny_waterfront,
          portal_ice_cave_entry_pillars_four, lemuel_centaur_altar
Shoals:4: shoals_end_simple, layout_shoals, nicolae_shoals_loop_pool
Snake:1:  layout_layer_cave, lemuel_fruit_tree, uniq_rupert, uniq_frances,
          uniq_josephine
Snake:2:  layout_cave_pods, gammafunk_ghost_grave
Snake:3:  layout_honeycomb, minmay_shop_star, uniq_jorgrun, uniq_vashnia,
          uniq_aizul
Snake:4:  grunt_snake_rune_serpentine_throne, layout_misc_corridors, uniq_mara
Orc:1:    layout_caves
Orc:2:    st_orc_elflike, layout_diamond_mine, uniq_nessos
Elf:1:    nicolae_elf_arrival_fired_up, layout_loops_corners, basic_altar,
          serial_shops, shop, hangedman_corner_corridor,
          nicolae_take_the_stairs, uniq_louise, uniq_azrael
Elf:2:    nicolae_elf_blades_splatter_lattice [nooodl_blade_entry_preview],
          layout_geoelf_diagonals, basic_altar, uniq_saint_roka
Elf:3:    minmay_elf_hall_quartered_circle, layout_rooms, guppyfry_library_mini
Vaults:1: mu_enter_wizlab_4, hangedman_vaults_corner_blocks,
          nicolae_vaults_ring_of_whatevers, nicolae_vaults_door_testing_chamber,
          v_misc_24, v_misc_15, nicolae_vaults_little_squares_6,
          v_alt_pattern_6, nicolae_vaults_storage_room_statues,
          nicolae_vaults_weapon_check, v_misc_8,
          nicolae_vaults_storage_closets_3, layout_vaults_omnigrid
Vaults:2: v_alt_pattern_3, v_rooms_6, v_misc_27,
          nicolae_vaults_shrinking_rooms_1, v_misc_14, v_misc_3,
          nicolae_vaults_ring_of_whatevers, vaults_mumra_lcd,
          ontoclasm_vaults_ring_small, nicolae_vaults_heart-shaped_vault,
          nicolae_vaults_display_case, grunt_vaults_hallway_short,
          layout_vaults_big_room, serial_shops, nicolae_shop_hallway_plus
Vaults:3: v_misc_27, nicolae_vaults_trapezoid_lopsided_1,
          hangedman_vaults_impose, minmay_crypt_entry_simple_walls,
          nicolae_vaults_specimen_jars, nicolae_vaults_tetromino_Z_2,
          nicolae_vaults_variable_pillar_hall, vaults_room_hallway,
          ontoclasm_vaults_gateway, nicolae_vaults_angled_halls,
          nicolae_vaults_diamond_2, nicolae_vaults_security_offices_4,
          v_rooms_2, nicolae_vaults_asterisk, nicolae_vaults_six-pack,
          v_alt_pattern_3, layout_vaults_big_cross, serial_shops, shop,
          uniq_jory
Vaults:4: nicolae_vaults_tetromino_Z_2, v_alt_pattern_3, v_rooms_3,
          dpeg_vaults_waves, v_rooms_5, nicolae_vaults_trapezoid_4,
          nicolae_vaults_mitosis, nicolae_vaults_double_plus_3,
          nicolae_vaults_windows_and_doors_thing, nicolae_vaults_wine_cellar,
          nicolae_vaults_storage_room_glass, layout_vaults_ring, serial_shops,
          nicolae_shop_trees
Vaults:5
Crypt:1:  layout_regular_city
Crypt:2:  layout_rooms
Crypt:3:  david_glass_crypt, layout_chaotic_city, tomb_entry_shell_bobbens,
          nicolae_crypt_little_mausoleum, grunt_megastairs_3
Tomb:1
Tomb:2
Depths:1: layout_big_octagon, nicolae_qazlal_style_of_elements,
          lightli_too_deep, minmay_hidden_floor
Depths:2: minmay_the_grid_square_5x5_3x3 [minmay_the_grid_square_5x5_trominoes,
          minmay_the_grid_square_5x5_detours, minmay_the_grid_square_5x5_c,
          minmay_the_grid_square_5x5_inverted_slash,
          minmay_the_grid_square_5x5_megaprize_checkered,
          minmay_the_grid_square_5x5_minivault,
          minmay_the_grid_square_5x5_half_checkered,
          minmay_the_grid_square_5x5_n_small,
          minmay_the_grid_square_5x5_shrine1], layout_gridlike,
          rand_demon_pan_entry_7, abyss_entry_small_statue_room,
          minmay_misc_feat_four_crosses, pf_vacation_house_of_asmodeus,
          nicolae_ashenzari_panopticon
Depths:3: minmay_glassy_protrusions, layout_cave_pools, enter_ziggurat_b,
          nicolae_uskayaw_murder_on_the_dancefloor, hell_entry, abyss_entry
Depths:4: grunt_zot_entry_hairpin, layout_gridlike, pf_hell_entry_tar_river,
          abandoned_shop, grunt_pan_entry_sceptre,
          hangedman_abyss_or_decor_passed, eino_small_chamber_without_monster,
          nrook_uturn, grunt_decor_mini_mirrors, minmay_statues_item,
          uniq_boris, uniq_enchantress

Skill      XL: |  1  2  3  4  5  6  7  8  9 10 11 12 13 14 15 16 17 18 19 20 21 22 23 24 25 26 |
---------------+-------------------------------------------------------------------------------+-----
Spellcasting   | 5 6 7 8 9 10 11 12 13 14 15 16 17 18 | 18.8
Invocations    | 1 2 3 4 5 6 7 8 9 10 11 12 13 14 15 16 17 18 19 | 19.7
Fighting       | 1 2 3 5 6 7 8 9 10 11 12 13 14 15 16 17 18 | 18.2
Short Blades   | 1 2 3 5 6 7 8 9 10 11 12 13 14 15 16 17 18 | 18.2
Long Blades    | 1 2 3 5 6 7 8 9 10 11 12 13 14 15 16 17 18 | 18.2
Axes           | 1 2 3 5 6 7 8 9 10 11 12 13 14 15 16 17 18 | 18.2
Maces & Flails | 1 2 3 5 6 7 8 9 10 11 12 13 14 15 16 17 18 | 18.2
Polearms       | 1 2 3 5 6 7 8 9 10 11 12 13 14 15 16 17 18 | 18.2
Staves         | 1 2 3 5 6 7 8 9 10 11 12 13 14 15 16 17 18 | 18.2
Ranged Weapons | 1 2 3 5 6 7 8 9 10 11 12 13 14 15 16 17 18 | 18.2
Armour         | 1 2 3 5 6 7 8 9 10 11 12 13 14 15 16 17 18 | 18.2
Shields        | 1 2 3 5 6 7 8 9 10 11 12 13 14 15 16 17 18 | 18.2
Unarmed Combat | 1 2 3 5 6 7 8 9 10 11 12 13 14 15 16 17 18 | 18.2
Evocations     | 1 2 3 5 6 7 8 9 10 11 12 13 14 15 16 17 18 | 18.2
Conjurations   | 1 2 3 4 5 6 7 8 9 10 11 12 13 14 15 | 15.5
Hexes          | 1 2 3 4 5 6 7 8 9 10 11 12 13 14 15 | 15.5
Summonings     | 1 2 3 4 5 6 7 8 9 10 11 12 13 14 15 | 15.5
Translocations | 1 2 3 4 5 6 7 8 9 10 11 12 13 14 15 | 15.5
Transmutations | 1 2 3 4 5 6 7 8 9 10 11 12 13 14 15 | 15.5
Fire Magic     | 1 2 3 4 5 6 7 8 9 10 11 12 13 14 15 | 15.5
Ice Magic      | 1 2 3 4 5 6 7 8 9 10 11 12 13 14 15 | 15.5
Earth Magic    | 1 2 3 4 5 6 7 8 9 10 11 12 13 14 15 | 15.5
Poison Magic   | 1 2 3 4 5 6 7 8 9 10 11 12 13 14 15 | 15.5
Throwing       | 3 4 5 6 7 8 9 10 11 12 13 14 15 16 17 18 | 18.4
Dodging        | 3 4 5 6 7 8 9 10 11 12 13 14 15 16 17 18 | 18.4
Necromancy     | 4 5 6 7 8 9 10 11 12 13 14 15 | 15.9
Stealth        | 3 4 5 6 7 8 9 10 11 12 13 14 15 16 17 18 | 18.4
Air Magic      | 6 7 8 9 10 11 12 13 14 15 16 | 16.3

Action                     |  1- 3 |  4- 6 |  7- 9 | 10-12 | 13-15 | 16-18 | 19-21 | 22-24 | 25-27 || total
---------------------------+-------+-------+-------+-------+-------+-------+-------+-------+-------++-------
  Melee: Short sword       |       |     3 |       |       |       |       |       |       |       ||     3
         Dagger            |       |       |    20 |   189 |   524 |   586 |   658 |       |       ||  1977
         Bite              |       |       |     4 |    30 |    89 |    87 |   260 |   118 |   218 ||   806
         Punch             |       |       |     1 |     6 |    31 |     6 |       |       |       ||    44
         War axe           |       |       |       |       |       |       |   430 |   455 |   610 ||  1495
         Morningstar       |       |       |       |       |       |       |       |       |   217 ||   217
   Cast: Shock             |    95 |    80 |   135 |    56 |       |       |       |       |       ||   366
         Poisonous Vapours |       |       |    31 |    57 |    56 |   124 |    47 |       |       ||   315
         Ignite Poison     |       |       |    22 |    59 |   130 |   109 |    66 |   110 |    24 ||   520
         Mephitic Cloud    |       |       |     8 |    23 |    11 |    14 |     2 |     1 |       ||    59
         Freezing Cloud    |       |       |       |    32 |    65 |    61 |   133 |    89 |    29 ||   409
         Iskenderun's Myst |       |       |       |       |     9 |     2 |     8 |    27 |    61 ||   107
         Fulminant Prism   |       |       |       |       |     4 |       |     2 |       |       ||     6
         Lee's Rapid Decon |       |       |       |       |    31 |    15 |    75 |    65 |    85 ||   271
         Irradiate         |       |       |       |       |     1 |     2 |     7 |    18 |     7 ||    35
         Olgreb's Toxic Ra |       |       |       |       |       |       |    39 |   114 |    21 ||   174
         Spellforged Servi |       |       |       |       |       |       |       |    16 |     9 ||    25
         Ozocubu's Refrige |       |       |       |       |       |       |       |    12 |     2 ||    14
         Orb of Destructio |       |       |       |       |       |       |       |    23 |    25 ||    48
         Fireball          |       |       |       |       |       |       |       |    35 |    46 ||    81
         Yara's Violent Un |       |       |       |       |       |       |       |     2 |    13 ||    15
         Discord           |       |       |       |       |       |       |       |       |     1 ||     1
         Silence           |       |       |       |       |       |       |       |       |     4 ||     4
 Invoke: Elemental Force   |       |       |       |     1 |     4 |     1 |       |     1 |       ||     7
         Disaster Area     |       |       |       |       |       |     1 |       |     3 |     1 ||     5
Ability: Evoke Blink       |       |       |       |       |       |     1 |       |       |     3 ||     4
  Evoke: Wand              |       |     7 |    12 |       |    10 |    11 |    20 |    25 |     8 ||    93
         Phial of floods   |       |       |       |       |       |       |       |       |     1 ||     1
         Tin of tremorston |       |       |       |       |       |       |       |       |     1 ||     1
    Use: Scroll            |       |    12 |     8 |    10 |     6 |     9 |    12 |    14 |     9 ||    80
         Potion            |       |       |       |       |     1 |     3 |     4 |     6 |    32 ||    46
   Stab: Confused          |       |       |     1 |     6 |     1 |       |       |       |       ||     8
         Fleeing           |       |       |       |       |       |       |     1 |       |       ||     1
         Distracted        |       |       |       |       |       |       |       |     1 |     2 ||     3
 Armour: Robe              |     5 |     7 |    14 |       |       |       |       |       |       ||    26
         Steam dragon scal |       |       |    15 |     2 |       |       |       |       |       ||    17
         Acid dragon scale |       |       |       |    52 |       |       |       |       |   158 ||   210
         Troll leather arm |       |       |       |    24 |   161 |   170 |   144 |   204 |     9 ||   712
  Dodge: Dodged            |     5 |     8 |    57 |   111 |   272 |   467 |   449 |   538 |   442 ||  2349
         Repelled          |       |       |       |       |     4 |     8 |    35 |    14 |    13 ||    74
  Block: Other             |       |       |       |    38 |   133 |    19 |       |       |       ||   190
         Buckler           |       |       |       |       |       |   493 |   783 |   691 |   762 ||  2729
